 Dungeon Crawl Stone Soup version 0.27-a0-590-g94244163b4 (webtiles) character file.

Game seed: 9346744846849515969

4288 kae the Grappler (level 10, -5/88 HPs)
             Began as a Naga Transmuter on Mar 10, 2021.
             Was an Initiate of Cheibriados.
             Slain by Joseph
             ... wielding a +2 vorpal quarterstaff
              (13 damage)
             ... on level 8 of the Dungeon.
             The game lasted 00:07:08 (8358 turns).

kae the Grappler (Naga Transmuter)                  Turns: 8358, Time: 00:07:08

Health: -5/88      AC:  5    Str: 23    XL:     10   Next: 32%
Magic:  17/17      EV: 11    Int: 14    God:    Cheibriados [......]
Gold:   499        SH:  0    Dex: 13    Spells: 6/19 levels left

rFire    . . .     SeeInvis +     - Unarmed
rCold    . . .     Faith    .   (shield currently unavailable)
rNeg     . . .     Spirit   .   a - +1 robe
rPois    +         Reflect  .   (no helmet)
rElec    .         Harm     .   (no cloak)
rCorr    .         Rampage  .   (gloves currently unavailable)
Will     +....                  (no barding)
Stlth    +.........             n - amulet of magic regeneration
HPRegen  0.24/turn              e - +4 ring of slaying
MPRegen  0.40/turn              m - +6 ring of strength

@: blade hands, very slow
A: large, see invisible, deformed body, poison resistance, slowness 2, spit
poison 1, naga tail 1, AC +3
a: Spit Poison, End Transformation, Renounce Religion, Bend Time


You were on level 8 of the Dungeon.
You worshipped Cheibriados.
Cheibriados was noncommittal.
You had blades for hands.
You visited 2 branches of the dungeon, and saw 9 of its levels.

You collected 619 gold pieces.
You spent 120 gold pieces at shops.

Inventory:

Armour
 a - a +1 robe (worn)
Jewellery
 e - a +4 ring of slaying (right blade hand)
 h - a ring of ice
 m - a +6 ring of strength (left blade hand)
 n - an amulet of magic regeneration (around neck)
 r - a ring of protection from fire
Wands
 g - a wand of digging (2)
 t - a wand of mindburst (9)
 v - a wand of flame (10)
 w - a wand of charming (5)
Scrolls
 k - a scroll of blinking
 p - a scroll of enchant weapon
 q - 2 scrolls of magic mapping
 u - 7 scrolls of identify
Potions
 b - 5 potions of haste
 c - a potion of attraction
 d - 2 potions of invisibility
 f - a potion of flight
 i - a potion of curing
 j - a potion of degeneration
 l - 3 potions of brilliance
 o - a potion of heal wounds
 s - a potion of berserk rage {unknown}


   Skills:
 + Level 5.4 Fighting
 + Level 4.8 Dodging
 * Level 8.4 Unarmed Combat
 + Level 5.3 Spellcasting
 * Level 8.0 Transmutations
 - Level 3.0 Poison Magic
 * Level 0.0 Invocations


You had 6 spell levels left.
You knew the following spells:

 Your Spells              Type           Power      Damage    Failure   Level
a - Beastly Appendage     Tmut           52%        N/A       13%         1
b - Spider Form           Tmut/Pois      9%         N/A       34%         3
c - Ice Form              Ice/Tmut       14%        N/A       75%         4
d - Blade Hands           Tmut           13%        N/A       58%         5

Your spell library contained the following spells:

 Spells                   Type           Power      Damage    Failure   Level
 Wereblood                Tmut           26%        N/A       14%         2
 Magic Dart               Conj           12%        1d3       58%         1
 Blink                    Tloc           N/A        N/A       69%         2
 Call Imp                 Summ           3%         N/A       69%         2
 Slow                     Hex            3%         N/A       69%         2
 Mephitic Cloud           Conj/Pois/Air  6%         N/A       77%         3
 Conjure Flame            Conj/Fire      3%         6-21      85%         3


Dungeon Overview and Level Annotations

Branches:
Dungeon (8/15)             Temple (1/1) D:5            Lair (0/6) D:8

Altars:
Ashenzari
Cheibriados
Dithmenos
Elyvilon
Fedhas
Gozag
Hepliaklqana
Kikubaaqudgha
Makhleb
Nemelex Xobeh
Okawaru
Qazlal
Ru
Sif Muna
Trog
Uskayaw
Vehumet
Wu Jian
Xom
Yredelemnul
Zin
The Shining One

Shops:
D:8 ?

Annotations:
D:8 Joseph


Innate Abilities, Weirdness & Mutations

Your serpentine skin is tough. (AC +3)
You have supernaturally acute eyesight. (SInv)
Armour fits poorly on your strangely shaped body.
Your system is resistant to poisons. (rPois)
You cover ground very slowly.
You can spit poison.
You have a snake-like lower body.


Message History

Items here: )) [[[.
Joseph, a Mercenary comes into view.
He is wielding a +2 vorpal quarterstaff and wearing a +3 leather armour of cold resistance.
Joseph moves out of view.
Key pressed, stopping explore.
Joseph is nearby!
Joseph is nearby!
Joseph is nearby!
Joseph is nearby!
Casting: Blade Hands (dangerous; 17% risk of failure)
Confirm with . or Enter, or press ? or * to list all spells.
Your hands turn into razor-sharp scythe blades.
Joseph unwields a +2 vorpal quarterstaff.
Joseph wields a +0 hunting sling.
Joseph shoots a sling bullet.
The sling bullet hits you!
Joseph shoots a sling bullet.
The sling bullet hits you.
Joseph shoots a sling bullet.
The sling bullet hits you!
Joseph shoots a sling bullet.
The sling bullet hits you!!
Joseph shoots a sling bullet.
The sling bullet hits you.
You are too injured to fight recklessly!
You are too injured to fight recklessly!
You are too injured to fight recklessly!
You are too injured to fight recklessly!
Joseph shoots a sling bullet.
The sling bullet barely misses you.
Found a stone staircase leading up.
Joseph shoots a sling bullet.
The sling bullet misses you.
Joseph shoots a sling bullet.
The sling bullet hits you!
* * * LOW HITPOINT WARNING * * *
Joseph unwields a +0 hunting sling.
Joseph wields a +2 vorpal quarterstaff.
Joseph hits you with a +2 vorpal quarterstaff.
* * * LOW HITPOINT WARNING * * *
x2 You slash Joseph!
Joseph is moderately wounded.
You completely miss Joseph.
Joseph is moderately wounded.
Joseph hits you with a +2 vorpal quarterstaff!
* * * LOW HITPOINT WARNING * * *
x2 You barely miss Joseph.
Joseph is moderately wounded.
Joseph hits you with a +2 vorpal quarterstaff!
You die...

).[[...............
#####...........#.# #
##........[##.#####.####
###.....####.##.......#
##
#...#........##.#....#..
.#
#...###.##........#.##
.# #...# #.##.#.......##
.# #...# #.##.#........#
.# #...#
#....@..#.##...#
.#####...#
###..@#..#.#.....
..........
........###......
[....... ...........
#..... ........
............ #....
######.. #####..<#... ..
#.##..... #. .#.###


You could see Joseph.

Vanquished Creatures
  Harold (D:8)
  Eustachio (D:6)
  3 wargs (D:8)
  Menkaure (D:5)
  An orc warrior (D:7)
  2 ice beasts
  A sky beast (D:6)
  A black bear (D:6)
  A necrophage (D:8)
  A centaur (D:6)
  6 ogres
  4 phantoms
  3 bullfrogs
  3 scorpions
  5 wights (D:7)
  3 howler monkeys (D:8)
  4 crimson imps (D:4)
  A centaur zombie (D:8)
  A gnoll shaman (D:6)
  3 orc priests
  2 centaur skeletons (D:6)
  2 jellies (D:5)
  An iguana (D:7)
  6 worker ants
  Ijyb (D:5)
  5 orc wizards
  A hound skeleton (D:4)
  A howler monkey zombie (D:5)
  2 worker ant zombies (D:7)
  7 gnolls
  6 adders
  2 shadow imps
  2 oozes
  An adder skeleton (D:4)
  2 worms
  A dart slug (D:1)
  3 leopard geckos
  23 orcs
  9 bats
  6 giant cockroaches
  6 hobgoblins
  13 jackals
  6 quokkas
  3 ball pythons
  6 frilled lizards
  6 goblins
  2 jackal skeletons
  6 kobolds
  A leopard gecko zombie (D:6)
  3 rats
181 creatures vanquished.

Vanquished Creatures (others)
  A frilled lizard (D:3)
  A plant (D:8)
2 creatures vanquished.

Grand Total: 183 creatures vanquished

Notes
Turn   | Place    | Note
-------+----------+-------------------------------------------
     0 | D:1      | kae the Naga Transmuter began the quest for the Orb.
     0 | D:1      | Reached XP level 1. HP: 18/18 MP: 3/3
   170 | D:1      | Reached XP level 2. HP: 25/25 MP: 3/5
  1033 | D:2      | Reached XP level 3. HP: 29/31 MP: 4/6
  1037 | D:2      | Learned a level 3 spell: Spider Form
  1248 | D:2      | Reached skill level 1 in Poison Magic
  1470 | D:2      | Reached XP level 4. HP: 36/38 MP: 5/7
  2099 | D:3      | Noticed a phantom
  2160 | D:3      | Killed a phantom
  2161 | D:3      | Reached XP level 5. HP: 16/45 MP: 4/8
  2389 | D:3      | Found a white marble altar of Elyvilon.
  2807 | D:4      | Noticed a phantom
  2817 | D:4      | Killed a phantom
  2818 | D:4      | Reached XP level 6. HP: 49/52 MP: 5/9
  3116 | D:4      | Found a shimmering altar of Xom.
  3137 | D:4      | Reached XP level 7. HP: 56/61 MP: 6/11
  3378 | D:5      | Entered Level 5 of the Dungeon
  3468 | D:5      | Found a bloodstained altar of Trog.
  3492 | D:5      | Noticed Ijyb
  3748 | D:5      | Noticed Menkaure
  3760 | D:5      | Killed Menkaure
  3761 | D:5      | Reached skill level 5 in Unarmed Combat
  3770 | D:5      | Killed Ijyb
  4053 | D:5      | Found a staircase to the Ecumenical Temple.
  4062 | D:5      | Reached XP level 8. HP: 66/69 MP: 8/13
  4071 | Temple   | Entered the Ecumenical Temple
  4412 | D:5      | Found a sacrificial altar of Ru.
  4467 | D:5      | Reached skill level 5 in Transmutations
  5004 | D:6      | You fall into a shaft and drop 1 floor!
  5560 | D:6      | Reached XP level 9. HP: 43/78 MP: 11/15
  6092 | D:6      | Found a glowing silver altar of Zin.
  6092 | D:6      | Found a hide-covered altar of Uskayaw.
  6096 | D:6      | Found an iron altar of Okawaru.
  6142 | D:6      | Noticed Eustachio
  6157 | D:6      | Killed Eustachio
  7152 | D:7      | Learned a level 4 spell: Ice Form
  7158 | D:7      | Learned a level 5 spell: Blade Hands
  7389 | D:8      | Found a snail-covered altar of Cheibriados.
  7466 | D:8      | Noticed Harold
  7488 | D:8      | HP: 3/96 [Harold/harpoon shot (8)]
  7839 | D:8      | Killed Harold
  7840 | D:8      | Reached skill level 5 in Fighting
  7840 | D:8      | Reached skill level 5 in Spellcasting
  7840 | D:8      | Reached XP level 10. HP: 57/88 MP: 17/17
  8049 | D:8      | Became a worshipper of Cheibriados the Contemplative
  8136 | D:8      | Found a staircase to the Lair.
  8165 | D:8      | Found Lecvaumo's Magic Scroll Emporium.
  8168 | D:8      | Bought 2 scrolls of identify for 40 gold pieces
  8168 | D:8      | Bought a scroll of identify for 20 gold pieces
  8168 | D:8      | Bought a scroll of identify for 20 gold pieces
  8168 | D:8      | Bought a scroll of identify for 20 gold pieces
  8168 | D:8      | Bought a scroll of identify for 20 gold pieces
  8246 | D:8      | Found an ornate altar of the Wu Jian Council.
  8252 | D:8      | Found a snail-covered altar of Cheibriados.
  8261 | D:8      | Found a basalt altar of Yredelemnul.
  8262 | D:8      | Found a hazy altar of Hepliaklqana.
  8264 | D:8      | Found a broken altar of Ashenzari.
  8266 | D:8      | Found a shadowy altar of Dithmenos.
  8267 | D:8      | Found a white marble altar of Elyvilon.
  8342 | D:8      | Noticed Joseph
  8358 | D:8      | Slain by Joseph

Illustrated notes

Levels and vault maps discovered:
D:1:      evilmike_arrival_crescent, layout_basic
D:2:      layout_loops_ring
D:3:      layout_basic, minmay_misc_feat_tiny, minivault_27, elyvilon_altar_4
D:4:      layout_rooms, led_xom_imps, chequers_serial_rivers_micro_e
D:5:      layout_cave_pools, bloody_trog, minmay_temple_entry_junction,
          nicolae_ru_sacrificial_ziggurat, uniq_ijyb, uniq_menkaure
D:6:      layout_loops_ring, nicolae_overflow_hidden_temple,
          serial_co_window_serial, co_window_paths_a, co_window_paths_b,
          co_window_paths_a, co_window_of_opportunity_a, co_window_paths_a,
          co_window_corner_a, co_window_paths_a, co_window_paths_c,
          co_window_2corner, co_window_broadway_b, co_window_unsneaky_path_a,
          co_window_4corner_b, uniq_eustachio
D:7:      layout_rooms
D:8:      layout_loops_cross, minitemple, erik_lair_orcish_takeover,
          serial_shops, kennysheep_mini, basic_altar, eino_jars, uniq_harold,
          uniq_joseph
Temple:   cyrus_temple_forest

Skill      XL: |  1  2  3  4  5  6  7  8  9 10 |
---------------+-------------------------------+-----
Poison Magic   | 1 2 3 |  3.0
Dodging        | 2 3 4 |  4.8
Transmutations | 3 4 6 7 8 |  8.0
Fighting       | 2 3 4 5 |  5.4
Unarmed Combat | 4 5 6 8 |  8.4
Spellcasting   | 3 4 5 |  5.3

Action                   |  1- 3 |  4- 6 |  7- 9 | 10-12 || total
-------------------------+-------+-------+-------+-------++-------
Melee: Unarmed           |    49 |    85 |   275 |    29 ||   438
       Headbutt          |    10 |     3 |     1 |       ||    14
       Punch             |       |     2 |       |     1 ||     3
 Cast: Beastly Appendage |    21 |    12 |     3 |       ||    36
       Spider Form       |       |     3 |    45 |       ||    48
       Blade Hands       |       |       |     1 |     2 ||     3
       Ice Form          |       |       |     1 |       ||     1
 Abil: Spit Poison       |    26 |    10 |     3 |       ||    39
  Use: Scroll            |       |     9 |     6 |       ||    15
       Potion            |       |       |     5 |       ||     5
 Stab: Sleeping          |       |       |     3 |       ||     3
       Distracted        |       |       |     1 |       ||     1
       Invisible         |       |       |     3 |       ||     3
Armor: Robe              |    14 |    16 |     3 |     6 ||    39
       Skin              |       |     2 |    16 |       ||    18
Dodge: Dodged            |    36 |    66 |   225 |    14 ||   341

Table legend: (Time is in decaauts)
 A = Elapsed time spent in this place.
 B = Non-inter-level travel time spent in this place.
 C = Inter-level travel time spent in this place.
 D = Time resting spent in this place.
 E = Time spent auto-exploring this place.
 F = Levels seen in this place.
 G = Mean time per level.
                   A        B        C        D        E       F      G
               +--------+--------+--------+--------+--------+-----+--------+
         Total |  10028 |   9760 |    268 |    561 |   7971 |   9 | 1114.2 |
       Dungeon |   9881 |   9660 |    221 |    561 |   7872 |   8 | 1235.1 |
        Temple |    146 |     99 |     47 |      0 |     98 |   1 |  146.0 |
               +--------+--------+--------+--------+--------+-----+--------+

Top non-repeatable levels by time:
     D:6: 2140 daAuts
     D:7: 1547 daAuts
     D:5: 1320 daAuts
     D:3: 1190 daAuts
     D:1: 1151 daAuts
     D:2: 1015 daAuts
     D:4: 874 daAuts
     D:8: 642 daAuts
  Temple: 146 daAuts
